 Dungeon Crawl Stone Soup version 0.29-a0-284-gf9362112df (webtiles) character file.

Game seed: 4713988529766543563

1031 Zonian the Sneak (level 8, 0/36 HPs)
             Began as a Vine Stalker Ice Elementalist on Mar 22, 2022.
             Was a Priest of Uskayaw.
             Killed by divine providence
             ... invoked by an orc priest
              (12 damage)
             ... on level 6 of the Dungeon.
             The game lasted 00:17:04 (9039 turns).

Zonian the Sneak (Vine Stalker Ice Elementalist)    Turns: 9039, Time: 00:17:04

Health: 0/36       AC:  3    Str: 12    XL:     8   Next: 23%
Magic:  0/16       EV: 13    Int: 17    God:    Uskayaw [***...]
Gold:   134        SH:  0    Dex: 14    Spells: 10/17 levels left

rFire   . . .      SeeInvis .   f - +0 dagger
rCold   . . .      Faith    .   (no shield)
rNeg    . . .      Spirit   +   a - +0 robe
rPois   .          Reflect  .   b - +0 helmet
rElec   .          Harm     .   (no cloak)
rCorr   .          Rampage  .   (no gloves)
Will    +....                   (no boots)
Stlth   +++.......              (no amulet)
HPRegen 0.92/turn               (no ring)
MPRegen 0.15/turn               (no ring)

@: freezing walls
A: fangs 3, regeneration 1, magic shield, antimagic bite, no potion heal 2
a: Renounce Religion, Stomp, Line Pass


You were on level 6 of the Dungeon.
You worshipped Uskayaw.
Uskayaw was noncommittal.
You visited 1 branch of the dungeon, and saw 6 of its levels.

You collected 215 gold pieces.
You spent 81 gold pieces at shops.

Inventory:

Hand Weapons
 f - a +0 dagger (weapon)
 t - a +0 flail of pain
Armour
 a - a +0 robe (worn)
 b - a +0 helmet (worn)
 l - an orb of wrath
Magical Staves
 c - a staff of cold
 i - a staff of fire
 j - a staff of earth
Jewellery
 s - a +6 ring of strength
Wands
 h - a wand of paralysis (10)
Scrolls
 g - a scroll of teleportation
 k - a scroll of magic mapping
 r - a scroll of fog
 u - 2 scrolls of blinking
Potions
 d - a potion of mutation
 e - 3 potions of curing
 m - a potion of degeneration
 n - a potion of might
 p - a potion of cancellation


   Skills:
 + Level 4.1 Dodging
 + Level 6.5 Stealth
 + Level 5.1 Spellcasting
 + Level 6.1 Ice Magic


You had 10 spell levels left.
You knew the following spells:

 Your Spells              Type           Power      Damage    Failure   Level
a - Freeze                Ice            100%       1d11      1%          1
b - Frozen Ramparts       Ice            50%        1d7       3%          3
c - Ozocubu's Armour      Ice            25%        N/A       3%          3

Your spell library contained the following spells:

 Spells                   Type           Power      Damage    Failure   Level
 Sublimation of Blood     Necr           4%         N/A       22%         2
 Hailstorm                Conj/Ice       14%        3d5       36%         4
 Petrify                  Tmut/Erth      4%         N/A       80%         4
 Irradiate                Conj/Tmut      2%         3d14      98%         5


Dungeon Overview and Level Annotations

Branches:
Dungeon (6/15)
 Temple: D:4-7

Altars:
Dithmenos
Elyvilon
Fedhas
Okawaru
Uskayaw
Xom
Yredelemnul

Shops:
D:4 *


Innate Abilities, Weirdness & Mutations

You have razor-sharp teeth.
Your natural rate of healing is unusually fast.
When hurt, damage is shared between your health and your magic reserves.
Your bite disrupts and absorbs the magic of your enemies.
Potions cannot restore your health.


Message History

Casting: Frozen Ramparts (dangerous; 3% risk of failure)
Press: ? - help, Dir - look around, f - activate The walls around you are covered in ice.
The wall freezes the orc priest.
The orc priest calls down the wrath of Beogh upon you.
Beogh smites you!
Unknown command.
You hit the orc priest but do no damage.
You punch the orc priest.
The orc priest is moderately wounded.
The wall freezes the orc priest. x2; The orc priest closely misses you.
Unknown command.
You barely miss the orc priest. Your bite misses the orc priest.
The orc priest is heavily wounded.
The orc priest mumbles some strange prayers to Beogh against you.
Pain shoots through your body!
The wall freezes the orc priest.
The orc priest barely misses you.
You can now pass through a line of other dancers.
Unknown command.
You hit the orc priest. Your bite misses the orc priest.
The orc priest is severely wounded.
The wall freezes the orc priest.
The orc priest mumbles some strange prayers to Beogh against you.
Beogh smites you!
Unknown command.
You hit the orc priest but do no damage.
You bite the orc priest, but do no damage.
The orc priest is almost dead.
The wall freezes the orc priest!
The orc priest hits you with a +0 whip.
The wall freezes the orc priest.
The orc priest hits you with a +0 club.
Uskayaw will force your foes to helplessly watch your dance.
Uskayaw prepares the audience for your solo!
The helpless orc priest fails to defend itself.
You impale the orc priest!!
You kill the orc priest!
The orc priest is no longer paralysed.
The wall freezes the orc.
The wall freezes the orc priest.
The orc priest mumbles some strange prayers to Beogh against you.
Beogh smites you!
You die...

.## #.. .# ....#.. #.#
#..#.. #.#
.##.#.....######.#
..............##.#
...........##.##.######
##.....................
.............o)o.##.###>
#.......#.##@##......o.
#.......#.##.#####.###.
###...|.##.# #
#...#..÷..#
#.##†.†#...###
#.....####.#
#..###.#...# #..
#.#...#### ...
#.<.......


You could see an orc priest and an orc (paralysed).

Vanquished Creatures
  A water moccasin (D:6)
  A sky beast (D:5)
  A black bear (D:4)
  An ogre (D:5)
  A bullfrog (D:6)
  A jelly (D:4)
  An orc priest (D:6)
  2 gnoll shamans (D:5)
  3 hounds
  Terence (D:2)
  An iguana (D:5)
  2 orc wizards
  Robin (D:2)
  10 gnolls (D:5)
  6 adders
  2 river rats (D:5)
  A shadow imp (D:5)
  A white imp (D:5)
  5 worms
  3 dart slugs
  8 orcs (D:5)
  6 ball pythons
  6 endoplasms
  A giant cockroach (D:4)
  10 goblins
  9 hobgoblins
  9 jackals
  4 kobolds
  4 quokkas
  4 bats
  2 frilled lizards
  8 rats
116 creatures vanquished.

Notes
Turn   | Place    | Note
-------+----------+-------------------------------------------
     0 | D:1      | Zonian the Vine Stalker Ice Elementalist began the quest
                  | for the Orb.
     0 | D:1      | Reached XP level 1. HP: 9/9 MP: 4/4
   306 | D:1      | Reached XP level 2. HP: 1/13 MP: 0/6
  1635 | D:1      | Reached XP level 3. HP: 14/16 MP: 5/7
  1639 | D:1      | Learned a level 3 spell: Frozen Ramparts
  1643 | D:1      | Learned a level 3 spell: Ozocubu's Armour
  1902 | D:2      | Noticed Terence
  1909 | D:2      | Killed Terence
  1910 | D:2      | Gained mutation: Your natural rate of healing is unusually
                  | fast. [Vine Stalker growth]
  1910 | D:2      | Reached XP level 4. HP: 8/21 MP: 0/9
  2658 | D:2      | Noticed Robin
  2700 | D:2      | Killed Robin
  3673 | D:2      | Reached XP level 5. HP: 20/24 MP: 8/10
  4060 | D:3      | Found a shadowy altar of Dithmenos.
  4318 | D:3      | Found an iron altar of Okawaru.
  4444 | D:3      | Found a hide-covered altar of Uskayaw.
  4464 | D:3      | Found a basalt altar of Yredelemnul.
  4949 | D:3      | Became a worshipper of Uskayaw the Reveller
  5336 | D:4      | Reached * piety under Uskayaw
  5419 | D:4      | Found Navaiffo's Assorted Antiques.
  5423 | D:4      | Bought a scroll of teleportation for 81 gold pieces
  5432 | D:4      | Noticed a black bear
  5579 | D:4      | Reached ** piety under Uskayaw
  5801 | D:4      | Found a shimmering altar of Xom.
  5939 | D:4      | Paralysed by a hobgoblin for 7 turns
  6230 | D:4      | Reached *** piety under Uskayaw
  6231 | D:4      | Killed a black bear
  6232 | D:4      | Reached skill level 5 in Ice Magic
  6232 | D:4      | Reached XP level 6. HP: 16/28 MP: 4/12
  6568 | D:5      | Entered Level 5 of the Dungeon
  6576 | D:5      | Noticed a sky beast
  6607 | D:5      | Killed a sky beast
  6608 | D:5      | Reached skill level 5 in Stealth
  6775 | D:5      | Found a blossoming altar of Fedhas.
  6992 | D:5      | Found a white marble altar of Elyvilon.
  7051 | D:5      | Reached XP level 7. HP: 9/32 MP: 0/14
  7232 | D:5      | Reached **** piety under Uskayaw
  8669 | D:6      | Gained mutation: You have razor-sharp teeth. [Vine Stalker
                  | growth]
  8669 | D:6      | Reached XP level 8. HP: 36/36 MP: 16/16
  8677 | D:6      | Reached skill level 5 in Spellcasting
  9039 | D:6      | Killed from afar by an orc priest

Illustrated notes

Levels and vault maps discovered:
D:1:      giann_horns, layout_basic
D:2:      layout_basic, uniq_terence, uniq_robin
D:3:      layout_basic, mainiacjoe_overflow_catwalk_spiral,
          mainiacjoe_overflow_swirl
D:4:      layout_gridville, mainiacjoe_overflow_cross_hatched, serial_shops,
          nicolae_shop_window_shopping
D:5:      layout_rooms, overflow_temple_1_default,
          mainiacjoe_overflow_tiny_flanked, gup_sewer_entry_spiral
D:6:      layout_loops_ring, minmay_temple_entry_stoned_glass,
          biasface_ghost_orc_armoury, minmay_misc_feat_iff

Skill      XL: |  1  2  3  4  5  6  7  8 |
---------------+-------------------------+-----
Stealth        | 3 4 5 6 |  6.5
Dodging        | 2 3 4 |  4.1
Spellcasting   | 3 4 5 |  5.1
Ice Magic      | 5 6 |  6.1

Action                   |  1- 3 |  4- 6 |  7- 9 || total
-------------------------+-------+-------+-------++-------
Melee: Unarmed           |     5 |       |       ||     5
       Dagger            |     9 |    91 |   104 ||   204
       Bite              |     3 |    20 |    30 ||    53
       Punch             |       |       |     3 ||     3
 Cast: Freeze            |    34 |    86 |     3 ||   123
       Frozen Ramparts   |       |     1 |     6 ||     7
Invok: Stomp             |       |       |     1 ||     1
Evoke: Wand              |       |     1 |       ||     1
  Use: Potion            |       |     3 |     1 ||     4
       Scroll            |       |    12 |     3 ||    15
 Stab: Sleeping          |     4 |     7 |     5 ||    16
       Paralysed         |       |     2 |     7 ||     9
       Distracted        |       |       |     1 ||     1
Armor: Robe              |     5 |    31 |     8 ||    44
Dodge: Dodged            |    13 |    90 |    47 ||   150

Table legend: (Time is in decaauts)
 A = Elapsed time spent in this place.
 B = Non-inter-level travel time spent in this place.
 C = Inter-level travel time spent in this place.
 D = Time resting spent in this place.
 E = Time spent auto-exploring this place.
 F = Levels seen in this place.
 G = Mean time per level.
                   A        B        C        D        E       F      G
               +--------+--------+--------+--------+--------+-----+--------+
         Total |   9077 |   8811 |    266 |   4344 |   2993 |   6 | 1512.8 |
       Dungeon |   9077 |   8811 |    266 |   4344 |   2993 |   6 | 1512.8 |
               +--------+--------+--------+--------+--------+-----+--------+

Top non-repeatable levels by time:
     D:5: 2083 daAuts
     D:2: 1924 daAuts
     D:1: 1792 daAuts
     D:4: 1555 daAuts
     D:3: 1293 daAuts
     D:6: 427 daAuts
